 Dungeon Crawl Stone Soup version 0.27.1-1-g398f81649c (webtiles) character file.

Game seed: 14000048406654584872

24 Descartes the Scratcher (level 2, 0/12 HPs)
             Began as a Felid Transmuter on Sept 18, 2021.
             Succumbed to an adder's poison
             ... on level 2 of the Dungeon.
             The game lasted 00:02:49 (1962 turns).

Descartes the Scratcher (Felid Transmuter)          Turns: 1962, Time: 00:02:50

Health: 0/12       AC:  1    Str:  6    XL:     2   Next: 79%
Magic:  5/6        EV: 17    Int: 14    God:
Gold:   45         SH:  0    Dex: 16    Spells: 4/5 levels left
                                        Lives:  0   Deaths: 0

rFire    . . .     SeeInvis +     - Unarmed
rCold    . . .     Faith    .   (shield unavailable)
rNeg     . . .     Spirit   .   (armour unavailable)
rPois    .         Reflect  .   (helmet unavailable)
rElec    .         Harm     .   (cloak unavailable)
rCorr    .         Rampage  .   (gloves unavailable)
Will     .....                  (boots unavailable)
Stlth    ++........             (no amulet)
HPRegen  0.04/turn              (no ring)
MPRegen  0.10/turn              (no ring)

@: lethally poisoned (0 -> -5), appendages, attractive, quick
A: horns 2, very small, claws 1, fangs 3, see invisible, speed 1, shaggy fur 1,
stealthy paws, no weapons or thrown items, no armour, multi-lived
a: End Transformation


You were on level 2 of the Dungeon.
You had temporarily grown beastly horns.
You visited 1 branch of the dungeon, and saw 2 of its levels.

You collected 45 gold pieces.

Inventory:

Missiles
 a - 58 stones
Wands
 f - a wand of polymorph (13)
Scrolls
 b - 2 scrolls of identify {unknown}
 c - 2 scrolls of fog {unknown}
 d - a scroll of brand weapon {unknown}
Potions
 e - 2 potions of attraction


   Skills:
 + Level 1.3 Fighting
 + Level 3.1 Dodging
 + Level 1.2 Stealth
 + Level 3.1 Unarmed Combat
 + Level 2.2 Spellcasting
 + Level 2.5 Transmutations


You had 4 spell levels left.
You knew the following spells:

 Your Spells              Type           Power      Damage    Failure   Level
a - Beastly Appendage     Tmut           16%        N/A       9%          1

Your spell library contained the following spells:

 Spells                   Type           Power      Damage    Failure   Level
 Wereblood                Tmut           8%         N/A       12%         2
 Spider Form              Tmut/Pois      2%         N/A       38%         3
 Ice Form                 Ice/Tmut       5%         N/A       80%         4


Dungeon Overview and Level Annotations

Branches:
Dungeon (2/15)

Altars:


Innate Abilities, Weirdness & Mutations

You have temporarily grown beastly horns.
You have sharp claws.
You have razor-sharp teeth.
You have supernaturally acute eyesight. (SInv)
You cover ground quickly. (Speed+)
You are covered in fur. (AC +1)
Your paws help you pounce on unaware monsters.
You are incapable of wielding weapons or throwing items.
You cannot wear armour.
You gain extra lives every three experience levels.


Message History

You barely miss the goblin.
The goblin is severely wounded.
The goblin hits you with a +0 club.
You scratch the goblin.
You kill the goblin!
The adder barely misses you.
You closely miss the adder. Your headbutt misses the adder.
The adder completely misses you.
You closely miss the adder. The adder closely misses you. The adder misses you.
You scratch the adder.
The adder is moderately wounded.
The adder misses you.
You closely miss the adder.
The adder is moderately wounded.
The adder bites you.
You completely miss the adder. Your headbutt misses the adder.
The adder is moderately wounded.
The adder misses you.
You scratch the adder.
The adder is severely wounded.
Your horns disappear.
The adder bites you. The adder barely misses you.
You miss the adder. Your bite misses the adder.
The adder is severely wounded.
The adder barely misses you.
You closely miss the adder.
The adder is severely wounded.
The adder bites you.
* * * LOW HITPOINT WARNING * * *
Casting: Beastly Appendage (safe; 9% risk of failure)
Confirm with . or Enter, or press ? or * to list all spells.
You grow a pair of large bovine horns.
The adder bites you.
* * * LOW HITPOINT WARNING * * *
You are lethally poisoned!
The adder poisons you!
* * * LOW HITPOINT WARNING * * *
You feel sick.
It was a potion of attraction.
You feel attractive to monsters.
You die...

####........#............
#.............#..........
.....###.##..............
..............#........^.
......##.##..............
.........##..............
.....##..................
......#..##..............
.......S@.......##..#####
.......)####..#........##
.......## .######.##.##
#.....# #.....#. ....#.
#.....'. .#.### #....##.
... #....### .. #<...#
#....#


You could see an adder.

Vanquished Creatures
  A dart slug (D:2)
  3 ball pythons
  2 bats
  2 endoplasms
  A goblin (D:2)
  A hobgoblin (D:1)
  3 jackals (D:1)
  2 quokkas (D:2)
  2 frilled lizards
  2 rats
19 creatures vanquished.

Notes
Turn   | Place    | Note
-------+----------+-------------------------------------------
     0 | D:1      | Descartes the Felid Transmuter began the quest for the Orb.
     0 | D:1      | Reached XP level 1. HP: 9/9 MP: 4/4
   326 | D:1      | Reached XP level 2. HP: 9/12 MP: 4/6
  1091 | D:2      | Reached skill level 1 in Stealth
  1962 | D:2      | Succumbed to an adder's poison

Illustrated notes

Levels and vault maps discovered:
D:1:      dpeg_arrival_signposts, layout_loops_ring
D:2:      layout_rooms, grunt_ministairs_13

Skill      XL: |  1  2 |
---------------+-------+-----
Dodging        | 3 |  3.1
Stealth        | 1 |  1.2
Fighting       | |  1.3
Unarmed Combat | |  3.1
Spellcasting   | |  2.2
Transmutations | |  2.5

Action                   || total
-------------------------++-------
Melee: Unarmed           ||    53
       Headbutt          ||     3
       Bite              ||     3
       Punch             ||     1
 Cast: Beastly Appendage ||    15
  Use: Potion            ||     1
Armor: Skin              ||     2
Dodge: Dodged            ||    50
